 Dungeon Crawl Stone Soup version 0.26.1-2-gb8aa6d0cf2 (webtiles) character file.

Game seed: 9513163420727570127

98 pascalblue the Digger (level 4, -2/24 HPs)
             Began as a Deep Elf Earth Elementalist on Mar 8, 2021.
             Slain by Grinder (4 damage)
             ... on level 3 of the Dungeon.
             The game lasted 00:07:02 (2996 turns).

pascalblue the Digger (Deep Elf Earth Elementalist) Turns: 2996, Time: 00:07:03

Health: -2/24      AC:  2    Str:  5    XL:     4   Next: 44%
Magic:  8/21       EV: 13    Int: 21    God:
Gold:   113        SH:  0    Dex: 15    Spells: 7/11 levels left

rFire    . . .     SeeInvis .   d - +0 short sword
rCold    . . .     Faith    .   (no shield)
rNeg     . . .     Spirit   .   c - +0 robe
rPois    .         Reflect  .   (no helmet)
rElec    .         Harm     .   (no cloak)
rCorr    .         Rampage  .   (no gloves)
Will     .....                  (no boots)
Stlth    ++........             (no amulet)
HPRegen  0.08/turn              k - ring of magical power
MPRegen  0.17/turn              (no ring)

@: very slightly contaminated
A: no striking features
a: no special abilities


You were on level 3 of the Dungeon.
You visited 1 branch of the dungeon, and saw 3 of its levels.

You collected 113 gold pieces.

Inventory:

Hand Weapons
 d - a +0 short sword (weapon)
Missiles
 b - 107 stones
 f - 22 arrows
 j - 9 poisoned darts
Armour
 c - a +0 robe (worn)
Jewellery
 k - a ring of magical power (left hand)
Scrolls
 e - 3 scrolls of magic mapping
 h - a scroll of identify
Potions
 g - a potion of invisibility
 i - a potion of degeneration
 l - a potion of haste {unknown}


   Skills:
 - Level 3.0 Dodging
 - Level 3.0 Stealth
 + Level 4.0 Spellcasting
 - Level 2.0 Transmutations
 * Level 4.5 Earth Magic


You had 7 spell levels left.
You knew the following spells:

 Your Spells              Type           Power        Failure   Level
a - Sandblast             Erth           46%          1%          1
b - Stone Arrow           Conj/Erth      26%          14%         3

Your spell library contained the following spells:

 Spells                   Type           Power        Failure   Level
 Passwall                 Tmut/Erth      15%          4%          2
 Petrify                  Tmut/Erth      18%          30%         4
 Lee's Rapid Deconstruct  Erth           11%          45%         5


Dungeon Overview and Level Annotations

Branches:
Dungeon (3/15)

Altars:

Annotations:
D:3 Grinder


Message History

Aiming: Sandblast (safe; 1% risk of failure)
Press: ? - help, Shift-Dir - straight line, f/p - Grinder
Aim: Grinder (severely wounded, 22% to evade)
The blast of sand hits Grinder!
Grinder is almost dead.
Grinder hits you.
* * * LOW HITPOINT WARNING * * *
You writhe in agony.
* * * LOW HITPOINT WARNING * * *
Casting: Sandblast (safe; 1% risk of failure)
Confirm with . or Enter, or press ? or * to list all spells.
The spell is quite dangerous to cast (14% risk of failure)!
Continue anyway?
Okay, then.
Casting: Stone Arrow (quite dangerous; 14% risk of failure)
Confirm with . or Enter, or press ? or * to list all spells.
Aiming: Sandblast (safe; 1% risk of failure)
Press: ? - help, Shift-Dir - straight line, f/p - Grinder
Aim: Grinder (almost dead, 22% to evade)
The blast of sand misses Grinder.
Grinder hits you.
You die...

#.# ## ###.# .. .. ..
....# #.# #.# .#
###.###.# #.# .# #.#...[
..# .# ###.#.#.# #.# .#
....[.#.# #.# .####..
#.....#.# #.###.......
........# #..5@.......
#.....#.#####.#########.
#.....#....))........
..#.#########.#######
..#.# #.# ..#.# #.#
....# #.# ..### #.# ..
#.#


You could see Grinder.

Vanquished Creatures
  3 gnolls (D:3)
  2 adders (D:2)
  A worm (D:2)
  A dart slug (D:2)
  A leopard gecko (D:2)
  An orc (D:2)
  2 giant cockroaches
  5 hobgoblins
  4 jackals (D:2)
  2 ball pythons (D:1)
  7 bats
  4 frilled lizards
  5 goblins
  4 kobolds
  5 rats
47 creatures vanquished.

Notes
Turn   | Place    | Note
-------+----------+-------------------------------------------
     0 | D:1      | pascalblue the Deep Elf Earth Elementalist began the quest
                  | for the Orb.
     0 | D:1      | Reached XP level 1. HP: 10/10 MP: 6/6
  1084 | D:2      | Reached XP level 2. HP: 9/15 MP: 5/8
  1488 | D:2      | Reached XP level 3. HP: 15/19 MP: 9/9
  1506 | D:2      | Learned a level 3 spell: Stone Arrow
  1514 | D:2      | Found a faded altar of an unknown god.
  2686 | D:3      | Reached XP level 4. HP: 24/24 MP: 11/11
  2980 | D:3      | Noticed Grinder
  2996 | D:3      | Slain by Grinder

Illustrated notes

Levels and vault maps discovered:
D:1:      sevenhm_arrival_forest_fort_small_6, layout_basic, chequers_garden,
          minmay_crystal_water, minmay_shallow_snake_nest
D:2:      layout_basic, chequers_ecumenical_altar_simple_redux
D:3:      layout_loops_ring, nicolae_overflow_crystal_walls,
          nicolae_overflow_hidden_temple, kennysheep_pointless_box,
          uniq_grinder, uniq_natasha

Skill      XL: |  1  2  3  4 |
---------------+-------------+-----
Dodging        | 3 |  3.0
Earth Magic    | 4 |  4.5
Stealth        | 3 |  3.0
Transmutations | 2 |  2.0
Spellcasting   | 4 |  4.0

Action                   |  1- 3 |  4- 6 || total
-------------------------+-------+-------++-------
Melee: Unarmed           |    19 |       ||    19
       Short sword       |    38 |       ||    38
 Cast: Sandblast         |    37 |    23 ||    60
  Use: Scroll            |     6 |       ||     6
       Potion            |       |     1 ||     1
 Stab: Sleeping          |     8 |       ||     8
Armor: Robe              |    25 |       ||    25
Dodge: Dodged            |    60 |     4 ||    64
